 Dungeon Crawl Stone Soup version 0.23.2-33-g5129a83184 (webtiles) character file.

Game seed: 2259005958637206433

56 Craats the Skirmisher (level 3, -7/36 HPs)
             Began as a Troll Fighter on Aug 2, 2019.
             Was a Believer of Uskayaw.
             Mangled by a gnoll
             ... wielding a +0 spear
              (11 damage)
             ... on level 2 of the Dungeon.
             The game lasted 00:11:12 (713 turns).

Craats the Skirmisher (Troll Fighter)                Turns: 713, Time: 00:11:12

Health: -7/36      AC:  6    Str: 30    XL:     3   Next: 69%
Magic:  2/2        EV:  8    Int:  4    God:    Uskayaw [**....]
Gold:   45         SH:  9    Dex:  9    Spells: 2/2 levels left

rFire    . . .     SeeInvis .   a - +0 flail
rCold    . . .     Gourm    +   c - +0 shield
rNeg     . . .     Faith    .   b - +0 robe
rPois    .         Spirit   .   (helmet restricted)
rElec    .         Reflect  .   (no cloak)
rCorr    .         Harm     .   (gloves unavailable)
MR       .....                  (boots unavailable)
Stlth    +.........             (no amulet)
HPRegen  0.52/turn              (no ring)
MPRegen  0.08/turn              (no ring)

@: mighty
A: large, unfitting armour, claws 3, fast metabolism 3, gourmand, regeneration
1, shaggy fur 1, tough skin 3
a: Stomp, Line Pass, Renounce Religion


You were on level 2 of the Dungeon.
You worshipped Uskayaw.
Uskayaw was noncommittal.
You were full.

You visited 1 branch of the dungeon, and saw 2 of its levels.

You collected 45 gold pieces.

Inventory:

Hand Weapons
 a - a +0 flail (weapon)
 k - a +0 short sword
Armour
 b - a +0 robe (worn)
 c - a +0 shield (worn)
Scrolls
 e - 2 scrolls of enchant armour {unknown}
 g - 3 scrolls of remove curse {unknown}
 i - 2 scrolls of teleportation {unknown}
Comestibles
 f - 4 rations
 j - 2 chunks of flesh


   Skills:
 + Level 2.8 Fighting
 + Level 2.5 Maces & Flails
 + Level 2.7 Dodging
 + Level 0.1 Stealth
 + Level 2.8 Shields


You had 2 spell levels left.
You didn't know any spells.
Your spell library was empty.

Dungeon Overview and Level Annotations

Branches:
Dungeon (2/15)

Altars:
Uskayaw


Innate Abilities, Weirdness & Mutations

You are too large for most types of armour.
You have claws for hands.
Your metabolism is lightning-fast.
You like to eat raw meat.
Your natural rate of healing is unusually fast.
You are covered in fur. (AC +1)
You have extremely tough skin. (AC +3)


Message History

You barely miss the rat. The rat completely misses you.
You block the gnoll's attack. The rat barely misses you.
You thump the rat!
You kill the rat!
The gnoll hits you but does no damage.
The kobold throws a stone.
The stone barely misses you. The gnoll hits you with a +0 halberd!
* * * LOW HITPOINT WARNING * * *
You block the kobold's attack. The gnoll hits you but does no damage.
Things that are here:
a cursed -1 halberd; 23 gold pieces; a rat corpse Eat one of 3 chunks of flesh? (ye/n/q)
You eat one of the 3 chunks of flesh.
This raw flesh tastes great.
The gnoll barely misses you. The kobold hits you but does no damage.
You block the gnoll's attack.
You thump the gnoll!
The gnoll is severely wounded.
You block the kobold's attack. The gnoll closely misses you.
The gnoll hits you from afar with a +0 spear!
You die...

... ....... #.# ....... #.#
....... ##.### ....... #.)..###
....... #######.#....## ###
....... #.....#.#.....# ...
......K##.....#.#..#..# ...
.....gg@((.(.......>..# ##
####.###)...(.#.#...#.# #####
#......###...#.# .....##
#..(......(..#.# ###...#
############...# #...#
#........## #...# ##
###.####..... #...# .# #...#
#..###
#...#########.#####.######.....


You could see 2 gnolls and a kobold.

Vanquished Creatures
  2 gnolls (D:2)
  An adder (D:2)
  A worm (D:2)
  2 dart slugs
  A leopard gecko (D:1)
  A ball python (D:2)
  A giant cockroach (D:1)
  2 goblins (D:2)
  2 hobgoblins (D:1)
  3 frilled lizards
  A kobold (D:1)
  6 rats
23 creatures vanquished.

Notes
Turn   | Place    | Note
-------+----------+-------------------------------------------
     0 | D:1      | Craats the Troll Fighter began the quest for the Orb.
     0 | D:1      | Reached XP level 1. HP: 22/22 MP: 0/0
    92 | D:1      | Reached XP level 2. HP: 29/29 MP: 1/1
   608 | D:2      | Found a hide-covered altar of Uskayaw.
   624 | D:2      | Reached XP level 3. HP: 35/36 MP: 2/2
   634 | D:2      | Became a worshipper of Uskayaw the Reveler
   650 | D:2      | Reached * piety under Uskayaw
   696 | D:2      | Reached ** piety under Uskayaw
   713 | D:2      | Mangled by a gnoll

Skill      XL: |  1  2 |
---------------+-------+-----
Maces & Flails | 2 |  2.5
Fighting       | |  2.8
Dodging        | |  2.7
Stealth        | |  0.1
Shields        | |  2.8

Action                   || total
-------------------------++-------
Melee: Flail             ||    85
  Use: Potion            ||     2
 Stab: Sleeping          ||     1
  Eat: Chunk             ||     3
       Ration            ||     2
Armor: Robe              ||    27
Dodge: Dodged            ||    35
Block: Shield            ||    56
